 Dungeon Crawl Stone Soup version 0.22.1-1-ga44c0e5 (webtiles) character file.

123 rabbit the Magician (level 5, 0/55 HPs)
             Began as a Gnoll Wizard on Oct 16, 2018.
             Succumbed to an adder's poison
             ... on level 2 of the Dungeon.
             The game lasted 00:10:08 (2407 turns).

rabbit the Magician (Gnoll Wizard)                  Turns: 2407, Time: 00:10:09

Health: 0/55       AC: 22    Str: 10    XL:     5   Next: 7%
Magic:  5/14       EV:  2    Int: 21    God:
Gold:   146        SH:  0    Dex: 13    Spells: 7/18 levels left

rFire    . . .     SeeInvis .   a - +0 dagger
rCold    . . .     Gourm    .   (no shield)
rNeg     + + +     Faith    .   (armour currently unavailable)
rPois    +         Spirit   .   (helmet currently unavailable)
rElec    .         Reflect  .   (cloak currently unavailable)
rCorr    .         Harm     .   (gloves currently unavailable)
MR       .....     NoTele   +   (boots currently unavailable)
Stlth    +++.......             (no amulet)
HPRegen  0.18/turn              (no ring)
MPRegen  0.14/turn              (no ring)

@: lethally poisoned (0 -> -2), tree-form, very slightly contaminated
A: distributed training, strong nose
a: no special abilities


You were on level 2 of the Dungeon.
You were not hungry.
You were a tree.
You visited 1 branch of the dungeon, and saw 3 of its levels.

You collected 146 gold pieces.

Inventory:

Hand Weapons
 a - a +0 dagger (weapon)
 b - a +0 hunting sling
Missiles
 g - 87 stones (quivered)
Armour
 c - a +0 robe (melded)
 p - a +0 hat (melded)
Scrolls
 k - a scroll of teleportation {unknown}
 l - a scroll of immolation {unknown}
 m - a scroll of enchant weapon {unknown}
 o - 2 scrolls of identify {unknown}
 q - a scroll of remove curse {unknown}
 r - a scroll of magic mapping {unknown}
Potions
 e - a potion of mutation
 f - a potion of curing {unknown}
 h - a potion of flight {unknown}
 i - a potion of lignification
 j - a potion of ambrosia {unknown}
 n - a potion of haste {unknown}
Comestibles
 d - 6 rations


   Skills:
 + Level 1.3 Fighting
 + Level 1.3 Short Blades
 + Level 1.3 Long Blades
 + Level 1.3 Axes
 + Level 1.3 Maces & Flails
 + Level 1.3 Polearms
 + Level 1.3 Staves
 + Level 1.3 Slings
 + Level 1.3 Bows
 + Level 1.3 Crossbows
 + Level 1.3 Throwing
 + Level 1.3 Armour
 + Level 4.7 Dodging
 + Level 4.3 Stealth
 + Level 1.3 Shields
 + Level 1.3 Unarmed Combat
 + Level 7.2 Spellcasting
 + Level 2.3 Conjurations
 + Level 1.0 Hexes
 + Level 1.0 Charms
 + Level 2.3 Summonings
 + Level 1.0 Necromancy
 + Level 2.3 Translocations
 + Level 1.0 Transmutations
 + Level 1.0 Fire Magic
 + Level 1.0 Ice Magic
 + Level 1.0 Air Magic
 + Level 1.0 Earth Magic
 + Level 1.0 Poison Magic
 + Level 1.4 Invocations
 + Level 1.3 Evocations


You had 7 spell levels left.
You knew the following spells:

 Your Spells              Type           Power        Failure   Level  Hunger
a - Magic Dart            Conj           ###.         3%          1    None
b - Blink                 Tloc           N/A          4%          2    None
c - Call Imp              Summ           ###.....     4%          2    None
d - Conjure Flame         Conj/Fire      ##......     13%         3    None
e - Mephitic Cloud        Conj/Pois/Air  ##......     14%         3    None

Your spell library contained the following spells:

 Spells                   Type           Power        Failure   Level  Hunger
 Slow                     Hex            ##......     9%          2    None


Dungeon Overview and Level Annotations

Branches:
Dungeon (3/15)

Altars:
Trog

Annotations:
D:3 Jessica


Innate Abilities, Weirdness & Mutations

Your experience applies equally to all skills.
((You have very sharp teeth.))
Your uncanny sense of smell can sniff out nearby items.
((You are partially covered in large bone plates. (SH +4)))
((You are resistant to electric shocks. (rElec)))


Message History

The ball explodes into a vile cloud!
The stinking cloud engulfs the adder.
The adder is lightly wounded.
* * * LOW HITPOINT WARNING * * *
You feel sick.
The adder is engulfed in noxious fumes.
The adder appears confused.
The adder is engulfed in noxious fumes.
The adder appears confused.
* * * LOW HITPOINT WARNING * * *
You feel sick.
The adder is engulfed in noxious fumes.
The adder appears confused.
The adder is engulfed in noxious fumes.
The adder appears confused.
* * * LOW HITPOINT WARNING * * *
You feel sick.
There is a lethal amount of poison in your body!
It was a potion of mutation.
You feel extremely strange.
You feel insulated.
Large bone plates grow over parts of your arms.
It was a potion of lignification.
You turn into a tree.
Your +0 hat melds into your body.
Your +0 robe melds into your body.
Your roots penetrate the ground.
You die...

....)...........<..##.# ##
........)..........##.##########.
..................##.............
.................###.......######
####.######.###### #>......#
#........#..# #.......#
...........## ##.......#
..........#########...)....#
#...............♣..........#
..#####..........###.......#
.#####..##....######.......#
.#.........##..^...#########
##.#..############.## .....##
#..# ....## ##.### ....#
#...####### ....# ###.......#


There were no monsters in sight!

Vanquished Creatures
  Natasha (D:2)
  3 adders (D:2)
  An ooze (D:1)
  3 worms (D:2)
  2 dart slugs (D:1)
  2 leopard geckos
  An orc (D:3)
  7 bats
  8 goblins
  3 hobgoblins
  4 jackals (D:1)
  2 ball pythons (D:2)
  4 frilled lizards
  8 kobolds
  7 rats
56 creatures vanquished.

Notes
Turn   | Place    | Note
-------+----------+-------------------------------------------
     0 | D:1      | rabbit the Gnoll Wizard began the quest for the Orb.
     0 | D:1      | Reached XP level 1. HP: 13/13 MP: 8/8
   145 | D:1      | Reached XP level 2. HP: 19/19 MP: 5/10
   440 | D:1      | Learned a level 2 spell: Blink
   443 | D:1      | Learned a level 2 spell: Call Imp
   467 | D:1      | Reached XP level 3. HP: 24/25 MP: 4/11
   958 | D:2      | Reached skill level 1 in Invocations
   967 | D:2      | Reached skill level 1 in Fighting
   967 | D:2      | Reached skill level 1 in Short Blades
   967 | D:2      | Reached skill level 1 in Long Blades
   967 | D:2      | Reached skill level 1 in Axes
   967 | D:2      | Reached skill level 1 in Maces & Flails
   967 | D:2      | Reached skill level 1 in Polearms
   967 | D:2      | Reached skill level 1 in Staves
   967 | D:2      | Reached skill level 1 in Slings
   967 | D:2      | Reached skill level 1 in Bows
   967 | D:2      | Reached skill level 1 in Crossbows
   967 | D:2      | Reached skill level 1 in Throwing
   967 | D:2      | Reached skill level 1 in Armour
   967 | D:2      | Reached skill level 1 in Shields
   967 | D:2      | Reached skill level 1 in Unarmed Combat
   967 | D:2      | Reached skill level 1 in Evocations
   967 | D:2      | Reached XP level 4. HP: 28/32 MP: 7/13
  1588 | D:2      | Noticed Natasha
  1612 | D:2      | Killed Natasha
  1612 | D:2      | Reached skill level 1 in Hexes
  1612 | D:2      | Reached skill level 1 in Charms
  1612 | D:2      | Reached skill level 1 in Necromancy
  1612 | D:2      | Reached skill level 1 in Transmutations
  1612 | D:2      | Reached skill level 1 in Fire Magic
  1612 | D:2      | Reached skill level 1 in Ice Magic
  1612 | D:2      | Reached skill level 1 in Air Magic
  1612 | D:2      | Reached skill level 1 in Earth Magic
  1612 | D:2      | Reached skill level 1 in Poison Magic
  1617 | D:2      | Learned a level 3 spell: Conjure Flame
  1621 | D:2      | Learned a level 3 spell: Mephitic Cloud
  1842 | D:2      | Noticed a moth of wrath
  1845 | D:2      | Found a bloodstained altar of Trog.
  1860 | D:2      | Reached XP level 5. HP: 37/37 MP: 11/14
  2363 | D:3      | Noticed Jessica
  2401 | D:2      | HP: 1/37 [poisoned by an adder]
  2406 | D:2      | Gained mutation: You are resistant to electric shocks.
                  | (rElec) [potion of mutation]
  2406 | D:2      | Gained mutation: You are partially covered in large bone
                  | plates. (SH +4) [potion of mutation]
  2407 | D:2      | Succumbed to an adder's poison

Skill      XL: |  1  2  3  4 |
---------------+-------------+-----
Conjurations   | 2 |  2.3
Summonings     | 2 |  2.3
Translocations | 2 |  2.3
Invocations    | 1 |  1.4
Fighting       | 1 |  1.3
Short Blades   | 1 |  1.3
Long Blades    | 1 |  1.3
Axes           | 1 |  1.3
Maces & Flails | 1 |  1.3
Polearms       | 1 |  1.3
Staves         | 1 |  1.3
Slings         | 1 |  1.3
Bows           | 1 |  1.3
Crossbows      | 1 |  1.3
Throwing       | 1 |  1.3
Armour         | 1 |  1.3
Shields        | 1 |  1.3
Unarmed Combat | 1 |  1.3
Evocations     | 1 |  1.3
Hexes          | 1 |  1.0
Charms         | 1 |  1.0
Necromancy     | 1 |  1.0
Transmutations | 1 |  1.0
Fire Magic     | 1 |  1.0
Ice Magic      | 1 |  1.0
Air Magic      | 1 |  1.0
Earth Magic    | 1 |  1.0
Poison Magic   | 1 |  1.0
Dodging        | |  4.7
Stealth        | |  4.3
Spellcasting   | |  7.2

Action                   |  1- 3 |  4- 6 || total
-------------------------+-------+-------++-------
Melee: Dagger            |    19 |    35 ||    54
       Bite              |     2 |     6 ||     8
 Fire: Hunting sling     |       |     8 ||     8
 Cast: Magic Dart        |    55 |    69 ||   124
       Blink             |       |     3 ||     3
       Mephitic Cloud    |       |     5 ||     5
       Conjure Flame     |       |     2 ||     2
  Use: Potion            |       |     2 ||     2
 Stab: Sleeping          |     3 |     1 ||     4
  Eat: Chunk             |       |     2 ||     2
       Ration            |       |     1 ||     1
Armor: Robe              |     4 |     7 ||    11
Dodge: Dodged            |    29 |    35 ||    64
